 Dungeon Crawl Stone Soup version 0.27-a0-652-g2d5cf1dcd3 (webtiles) character file.

Game seed: 1208988314559726763

11 Allula97 the Sneak (level 2, -1/13 HPs)
             Began as a Vine Stalker Enchanter on Mar 16, 2021.
             Slain by a kobold
             ... wielding a +0 whip
              (4 damage)
             ... on level 1 of the Dungeon.
             The game lasted 00:01:18 (500 turns).

Allula97 the Sneak (Vine Stalker Enchanter)          Turns: 500, Time: 00:01:19

Health: -1/13      AC:  6    Str: 10    XL:     2   Next: 25%
Magic:  0/6        EV:  8    Int: 15    God:
Gold:   17         SH:  0    Dex: 14    Spells: 4/5 levels left

rFire    . . .     SeeInvis .   a - +1 dagger
rCold    . . .     Faith    .   (no shield)
rNeg     . . .     Spirit   +   d - +0 scale mail
rPois    .         Reflect  .   (no helmet)
rElec    .         Harm     .   (no cloak)
rCorr    .         Rampage  .   (no gloves)
Will     .....                  (no boots)
Stlth    +.........             (no amulet)
HPRegen  0.04/turn              (no ring)
MPRegen  0.10/turn              (no ring)

@: no status effects
A: fangs 2, magic shield, antimagic bite, no potion heal 3
a: no special abilities


You were on level 1 of the Dungeon.
You visited 1 branch of the dungeon, and saw 1 of its levels.

You collected 17 gold pieces.

Inventory:

Hand Weapons
 a - a +1 dagger (weapon)
Armour
 b - a +0 robe
 d - a +0 scale mail (worn)
Scrolls
 c - a scroll of magic mapping {unknown}
 e - a scroll of identify {unknown}


   Skills:
 * Level 0.2 Fighting
 * Level 1.0 Short Blades
 * Level 0.1 Armour
 * Level 1.7 Dodging
 * Level 3.9 Stealth
 * Level 2.3 Spellcasting
 + Level 3.1 Hexes


You had 4 spell levels left.
You knew the following spells:

 Your Spells              Type           Power      Damage    Failure   Level
a - Corona                Hex            12%        N/A       41%         1

Your spell library contained the following spells:

 Spells                   Type           Power      Damage    Failure   Level
 Ensorcelled Hibernation  Hex/Ice        12%        N/A       77%         2
 Confusing Touch          Hex            11%        N/A       78%         3
 Tukima's Dance           Hex            11%        N/A       78%         3
 Dazzling Flash           Conj/Hex       12%        N/A       94%         3


Dungeon Overview and Level Annotations

Branches:
Dungeon (1/15)

Altars:


Innate Abilities, Weirdness & Mutations

You have extremely sharp teeth.
When hurt, damage is shared between your health and your magic reserves.
Your bite disrupts and absorbs the magic of your enemies.
Potions cannot restore your health.


Message History

The hobgoblin hits you but does no damage.
You hit the hobgoblin.
The hobgoblin is severely wounded.
The hobgoblin barely misses you.
You hit the hobgoblin.
You kill the hobgoblin!
The rat twitches its whiskers.
You hit the rat.
You kill the rat!
The kobold hits you with a +0 whip.
Things that are here:
a +0 club; a hobgoblin corpse You barely miss the kobold.
The kobold hits you but does no damage.
You hit the kobold but do no damage. The kobold hits you but does no damage.
You hit the kobold.
The kobold is heavily wounded.
The kobold hits you but does no damage.
You hit the kobold.
The kobold is severely wounded.
The kobold hits you with a +0 whip.
You hit the kobold but do no damage. Your bite misses the kobold.
The kobold is heavily wounded.
The kobold hits you with a +0 whip.
You closely miss the kobold.
The kobold is heavily wounded.
The kobold hits you but does no damage.
You hit the kobold. Your bite misses the kobold.
The kobold is severely wounded.
The kobold barely misses you.
You closely miss the kobold.
The kobold is severely wounded.
The kobold hits you but does no damage.
You barely miss the kobold.
The kobold is severely wounded.
The kobold hits you with a +0 whip.
* * * LOW HITPOINT WARNING * * *
You barely miss the kobold.
The kobold is severely wounded.
The kobold hits you with a +0 whip.
You die...

#...## #. .#. #...#
#.####...( #...#
#.##..... #...#
#.##.#.## #####
#...####.......# .....
#.........#.#... ......
............#..# #>.....
............#..##K......
...........##...@#
#...#.##..####.#†#
#..............#.#
......########......#
#.....# ###.#### #.....#
..# ...... ###


You could see a kobold.

Vanquished Creatures
  3 hobgoblins (D:1)
  3 kobolds (D:1)
  2 ball pythons (D:1)
  2 bats (D:1)
  A rat (D:1)
11 creatures vanquished.

Notes
Turn   | Place    | Note
-------+----------+-------------------------------------------
     0 | D:1      | Allula97 the Vine Stalker Enchanter began the quest for the
                  | Orb.
     0 | D:1      | Reached XP level 1. HP: 9/9 MP: 4/4
   289 | D:1      | Reached XP level 2. HP: 6/13 MP: 3/6
   483 | D:1      | Reached skill level 1 in Short Blades
   500 | D:1      | Slain by a kobold

Illustrated notes

Levels and vault maps discovered:
D:1:      dpeg_arrival_arbitrary_a, layout_loops_cross

Skill      XL: |  1  2 |
---------------+-------+-----
Short Blades   | 1 |  1.0
Fighting       | |  0.2
Armour         | |  0.1
Dodging        | |  1.7
Stealth        | |  3.9
Spellcasting   | |  2.3
Hexes          | |  3.1

Action                   || total
-------------------------++-------
Melee: Dagger            ||    46
       Bite              ||     6
 Stab: Sleeping          ||     2
Armor: Scale mail        ||    25
Dodge: Dodged            ||    17

Table legend: (Time is in decaauts)
 A = Elapsed time spent in this place.
 B = Non-inter-level travel time spent in this place.
 C = Inter-level travel time spent in this place.
 D = Time resting spent in this place.
 E = Time spent auto-exploring this place.
 F = Levels seen in this place.
 G = Mean time per level.
                   A        B        C        D        E       F      G
               +--------+--------+--------+--------+--------+-----+--------+
         Total |    498 |    498 |      0 |      0 |    386 |   1 |  498.0 |
       Dungeon |    498 |    498 |      0 |      0 |    386 |   1 |  498.0 |
               +--------+--------+--------+--------+--------+-----+--------+

Top non-repeatable levels by time:
     D:1: 498 daAuts
